 Dungeon Crawl Stone Soup version 0.31.0-11-ge490571c62 (webtiles) character file.

Game seed: 15834601126846643287

236 jasper the Cudgeller (level 5, -1/42 HPs)
             Began as an Armataur Fighter on Jan 28, 2024.
             Was an Initiate of Gozag.
             Slain by Sigmund
             ... wielding a +0 scythe
              (6 damage)
             ... on level 3 of the Dungeon.
             The game lasted 00:03:59 (1837 turns).

jasper the Cudgeller (Armataur Fighter)             Turns: 1837, Time: 00:04:00

Health: -1/42      AC:  9    Str: 23    XL:     5   Next: 77%
Magic:  0/5        EV:  6    Int:  8    God:    Gozag
Gold:   70         SH:  4    Dex: 10    Spells: 4/4 levels left

rFire   . . .        n - +0 morningstar
rCold   . . .        c - +0 buckler
rNeg    . . .        h - +0 chain mail
rPois   .            (no helmet)
rElec   .            g - +0 cloak
rCorr   .            (no gloves)
SInv    .            (no barding)
Will    .....        e - amulet of guardian spirit Stlth
                     (no ring)
HPRegen 0.27/turn    (no ring)
MPRegen 0.09/turn

%: guardian spirit, roll
@: mighty
A: large, deformed body, tough skin 3, armoured tail, roll 1
a: Renounce Religion, Potion Petition, Call Merchant, Bribe Branch


You were on level 3 of the Dungeon.
You worshipped Gozag.
Gozag was noncommittal.
You visited 1 branch of the dungeon, and saw 3 of its levels.

You collected 113 gold pieces.
You paid 43 gold pieces to Gozag.

Inventory:

Hand Weapons
 a - a +0 flail
 n - a +0 morningstar (weapon)
Armour
 b - a +0 scale mail
 c - a +0 buckler (worn)
 g - a +0 cloak (worn)
 h - a +0 chain mail (worn)
Jewellery
 e - an amulet of guardian spirit (around neck)
Wands
 m - a wand of digging (1)
Potions
 f - 2 potions of attraction
 i - a potion of degeneration {unknown}
 j - a potion of haste {unknown}
 k - a potion of invisibility {unknown}
 l - a potion of heal wounds {unknown}


   Skills:
 - Level 2.6 Fighting
 + Level 5.6 Maces & Flails
 - Level 3.6 Armour
 - Level 3.2 Shields


You had 4 spell levels left.
You didn't know any spells.
Your spell library was empty.

Dungeon Overview and Level Annotations

Branches:
Dungeon (3/15)

Altars:
Gozag
Zin

Annotations:
D:3 Sigmund


Innate Abilities, Weirdness & Mutations

Armour fits poorly on your strangely shaped body.
You have extremely tough skin. (AC +3)
You have a long armoured tail.
You regenerate magic when rolling toward enemies. (Rampage MPRegen)


Message History

You start waiting.
Sigmund is nearby!
You roll towards Sigmund!
You barely miss Sigmund. Sigmund hits you with a +0 scythe!
You barely miss Sigmund. Sigmund gestures at you while chanting.
The puff of flame hits you.
You barely miss Sigmund. Sigmund gestures at you while chanting.
The magic dart hits you but does no damage.
You closely miss Sigmund. Sigmund hits you but does no damage.
You closely miss Sigmund. Sigmund hits you with a +0 scythe.
You bludgeon Sigmund!!
Your tail-slap misses Sigmund.
Sigmund is severely wounded.
Sigmund gestures wildly while chanting.
Sigmund flickers and vanishes!
You closely miss something.
You hear some strange, mumbled words.
A puff of flame appears from out of thin air!
The puff of flame hits you!
You feel very mighty all of a sudden.
You hear some strange, mumbled words.
Something tries to affect you, but you resist.
You barely miss something.
Your tail-slap misses something.
Something hits you.
You miss something. Something hits you.
* * * LOW HITPOINT WARNING * * *
You miss something.
You hear some strange, mumbled words.
A puff of flame appears from out of thin air!
The puff of flame misses you.
You closely miss something. Something hits you.
* * * LOW HITPOINT WARNING * * *
You closely miss something.
Your tail-slap misses something.
You hear some strange, mumbled words.
A magic dart appears from out of thin air!
The magic dart hits you.
* * * LOW HITPOINT WARNING * * *
You miss something. Something hits you!
You die...
Your body crumbles into a pile of gold.

######## #......# .
#......# ..#############
#......# ........#......
#......########........###.
#..........# #........# #$
##.....##.# #........# #.
#.....##{########.##.# #$
#..@..#.@.........##.# #.
#.....#..###########.# #.
#........# ..# #.
#.....##.# ### #.
#.....##.# ######.
#.....##.# #......
########.. ####.##### ###
####.......# #..$.......#


There were no monsters in sight!

Vanquished Creatures
  2 bombardier beetles (D:3)
  2 orc priests (D:3)
  An orc wizard (D:3)
  2 adders (D:3)
  2 dart slugs
  3 orcs (D:3)
  6 ball pythons (D:1)
  3 bats
  3 endoplasms
  5 giant cockroaches
  10 goblins
  3 hobgoblins
  2 jackals (D:1)
  8 kobolds
  3 quokkas (D:3)
  A frilled lizard (D:3)
  4 rats
60 creatures vanquished.

Notes
Turn   | Place    | Note
-------+----------+-------------------------------------------
     0 | D:1      | jasper the Armataur Fighter began the quest for the Orb.
     0 | D:1      | Reached XP level 1. HP: 18/18 MP: 1/1
    89 | D:1      | Reached skill level 2 in Maces & Flails
   183 | D:1      | Reached XP level 2. HP: 23/25 MP: 2/2
   375 | D:1      | Reached skill level 3 in Maces & Flails
   650 | D:1      | Reached XP level 3. HP: 30/30 MP: 3/3
  1126 | D:3      | Found a glowing silver altar of Zin.
  1166 | D:3      | Reached skill level 4 in Maces & Flails
  1166 | D:3      | Reached XP level 4. HP: 37/37 MP: 4/4
  1372 | D:3      | Found an opulent altar of Gozag.
  1422 | D:3      | Reached XP level 5. HP: 40/42 MP: 5/5
  1513 | D:3      | Became a worshipper of Gozag Ym Sagoz the Greedy
  1545 | D:3      | Reached skill level 5 in Maces & Flails
  1813 | D:3      | Noticed Sigmund
  1837 | D:3      | Slain by Sigmund

Illustrated notes

Levels and vault maps discovered:
D:1:      nagdon_arrival_double_spiral, layout_basic, st_stairs_12,
          interstate_on_off, minivault_24, minmay_cut_off
D:2:      layout_basic
D:3:      minmay_inner_zag, layout_basic,
          pdpol_temple_overflow_zin_treasury_gozag_greed, uniq_sigmund

Skill      XL: |  1  2  3  4  5 |
---------------+----------------+-----
Maces & Flails | 2 3 4 5 |  5.6
Fighting       | |  2.6
Armour         | |  3.6
Shields        | |  3.2

Action                     |  1- 3 |  4- 6 || total
---------------------------+-------+-------++-------
  Melee: Flail             |   100 |    43 ||   143
         Tailslap          |     6 |     9 ||    15
         Morningstar       |       |    31 ||    31
    Use: Scroll            |     3 |       ||     3
         Potion            |       |     4 ||     4
 Armour: Scale mail        |    75 |     8 ||    83
         Chain mail        |       |    42 ||    42
  Dodge: Dodged            |    26 |    14 ||    40
  Block: Buckler           |    19 |     9 ||    28
